AoeStats
← kaanve

Lombardia

510137956Analyzed
3v3 RM · 22h ago on Sep 29, 2026· 47m 27s· 6 players
Game mode
Random Map
Map size
Normal (6 player)
Population
200
Speed
Normal
Resources
Standard
Victory
Conquest
Starting age
Dark Age
Ending age
Imperial Age
RankedLock teamsTeams togetherTeam positionsShared explorationLock speedFull tech treeHidden civsTurbo modeCheats
Victory
Defeat
🇺🇸 Khmer · United States
1347
+9
🇵🇪 Mongols · Peru
1268
+12
🇺🇾 Magyars · Uruguay
1230
+13
🇹🇷 Varangians · Türkiye
1223
-13
🇹🇷 Goths · Türkiye
1196
-12
🇪🇸 Berbers · Spain
1111
-9
CORP_Catracho
5:29 Loom
11:59 Feudal Age
15:30 Castle Age
13:37 Double-Bit Axe
14:39 Horse Collar
18:47 Wheelbarrow
20:21 Bloodlines
24:24 Scale Barding Armor
25:52 Forging
25:34 Gold Mining
29:05 Bow Saw
29:00 Heavy Plow
33:02 Imperial Age
30:44 Stone Mining
32:32 Town Watch
33:07 Hand Cart
37:03 Chain Barding Armor
37:26 Crop Rotation
39:25 Fletching
39:46 Double Crossbow
40:07 Conscription
39:10 Elite Ballista Elephant
40:37 Bodkin Arrow
41:07 Ballistics
40:57 Masonry
41:29 Bracer
42:05 Plate Barding Armor
43:10 Chemistry
42:56 Iron Casting
42:18 Light Cavalry
42:59 Husbandry
45:32 Hussar
46:55 Architecture
TinFit
6:48 Loom
9:29 Feudal Age
10:02 Double-Bit Axe
10:29 Horse Collar
18:49 Scale Barding Armor
19:17 Bloodlines
20:01 Gold Mining
23:58 Castle Age
22:11 Padded Archer Armor
22:18 Fletching
22:36 Stone Mining
23:51 Wheelbarrow
26:10 Bodkin Arrow
26:17 Husbandry
26:32 Bow Saw
26:51 Leather Archer Armor
31:18 Heavy Plow
31:53 Gold Shaft Mining
33:12 Thumb Ring
36:31 Gold Shaft Mining
41:38 Imperial Age
42:38 Bracer
43:52 Ballistics
44:31 Recurve Bow
45:05 Parthian Tactics
45:56 Two-Man Saw
Havoc_
5:47 Loom
8:11 Feudal Age
9:24 Double-Bit Axe
16:28 Fletching
18:32 Horse Collar
24:23 Wheelbarrow
27:07 Castle Age
25:42 Forging
30:12 Bow Saw
30:09 Town Watch
31:35 Bodkin Arrow
35:47 Stone Mining
39:51 Hand Cart
39:36 Town Patrol
39:39 Heavy Plow
39:47 Scale Barding Armor
39:44 Husbandry
39:55 Bloodlines
39:06 Light Cavalry
44:02 Imperial Age
43:09 Chain Barding Armor
44:03 Iron Casting
44:04 Gold Mining
44:10 Hussar
45:26 Ballistics
46:37 Blast Furnace
Lliret
10:45 Feudal Age
11:05 Loom
22:41 Castle Age
23:54 Fletching
25:01 Wheelbarrow
23:59 Pikeman
24:25 Arson
24:59 Forging
26:34 Gold Mining
29:47 Padded Archer Armor
32:02 Leather Archer Armor
33:41 Bodkin Arrow
37:30 Bloodlines
37:20 Husbandry
38:55 Scale Barding Armor
40:25 Ballistics
40:42 Hand Cart
48:02 Imperial Age
Vuki
7:14 Loom
10:18 Feudal Age
12:15 Horse Collar
17:29 Castle Age
17:05 Forging
20:20 Wheelbarrow
24:40 Scale Mail Armor
26:55 Town Watch
31:55 Fletching
32:05 Padded Archer Armor
33:23 Hand Cart
34:09 Bodkin Arrow
33:45 Elite Skirmisher
36:16 Iron Casting
36:10 Squires
35:56 Arson
37:37 Chain Mail Armor
42:03 Imperial Age
41:23 Gold Mining
42:05 Masonry
43:45 Chemistry
43:17 Conscription
44:01 Elite Varangian Guard
kaanve
0:37 Loom
11:38 Feudal Age
11:42 Man-at-Arms
13:59 Forging
14:27 Scale Mail Armor
17:36 Double-Bit Axe
22:32 Fletching
26:00 Castle Age
30:38 Fletching
32:49 Horse Collar
37:06 Heavy Plow
38:01 Bodkin Arrow
39:51 Bow Saw
40:13 Elite Skirmisher
42:36 Padded Archer Armor
43:01 Gold Mining
45:44 Leather Archer Armor
Connection lost

Rejoining the realm…

Still unreachable

The connection could not be restored.

Session expired

The server has moved on; the page needs a fresh start.